 Dungeon Crawl Stone Soup version 0.32-a0-540-g866d13106e (webtiles) character file.

Game seed: 5094737832494617889

8380 grandjackal the Fighter (level 11, -4/92 HPs)
             Began as a Demonspawn Gladiator on Feb 29, 2024.
             Was a Priest of Uskayaw.
             Slain by a troll (8 damage)
             ... on level 10 of the Dungeon.
             The game lasted 00:11:45 (8889 turns).

grandjackal the Fighter (Demonspawn Gladiator)      Turns: 8889, Time: 00:11:46

Health: -4/92      AC: 12    Str: 27    XL:     11   Next: 9%
Magic:  9/16       EV: 13    Int:  8    God:    Uskayaw [***...]
Gold:   574        SH:  6    Dex: 17    Spells: 10/10 levels left

rFire   . . .        E - +2 scimitar
rCold   . . .        F - +0 buckler
rNeg    . . .        N - +0 chain mail of the Monkey {+Inv Regen+ rCorr Str+4}
rPois   +            c - +0 helmet
rElec   .            (no cloak)
rCorr   +            (no gloves)
SInv    .            o - +0 pair of boots
Will    .....        m - amulet of the acrobat Stlth
                     t - +6 ring of strength
HPRegen 1.15/turn    M - ring of poison resistance
MPRegen 0.15/turn

%: acrobat
@: no status effects
A: repulsion field 1, spiny 2, weakness stinger 2
a: Renounce Religion, Evoke Invisibility, Stomp, Line Pass


You were on level 10 of the Dungeon.
You worshipped Uskayaw.
Uskayaw was noncommittal.
You visited 2 branches of the dungeon, and saw 11 of its levels.
You also visited: Ossuary.

You collected 574 gold pieces.

Inventory:

Hand Weapons
 a - a +0 long sword
 f - a +2 trident of venom
 E - a +2 scimitar (weapon)
 H - a +1 broad axe of flaming
Missiles
 d - 4 throwing nets (quivered)
 e - a javelin
Armour
 c - a +0 helmet (worn)
 o - a +0 pair of boots (worn)
 F - a +0 buckler (worn)
 I - +0 acid dragon scales
 N - the +0 chain mail of the Monkey (worn) {+Inv Regen+ rCorr Str+4}
   (You found it on level 8 of the Dungeon)

   Str+4:     It affects your strength (+4).
   +Inv:      It lets you turn invisible.
   Regen+:    It increases your rate of health regeneration.
   rCorr:     It protects you from acid and corrosion.
 O - a +0 kite shield
Jewellery
 m - an amulet of the acrobat (around neck)
 s - an amulet of guardian spirit
 t - a +6 ring of strength (left hand)
 B - an amulet of magic regeneration
 M - a ring of poison resistance (right hand)
 Q - a ring of positive energy
Wands
 x - a wand of paralysis (8)
 P - a wand of flame (11)
 R - a wand of polymorph (3)
 S - a wand of mindburst (5)
Scrolls
 g - 3 scrolls of noise {unknown}
 h - 10 scrolls of identify {unknown}
 k - 2 scrolls of poison {unknown}
 l - 3 scrolls of amnesia {unknown}
 n - 5 scrolls of teleportation {unknown}
 p - 4 scrolls of vulnerability {unknown}
 q - 3 scrolls of immolation {unknown}
 u - 2 scrolls of silence {unknown}
 v - 4 scrolls of fog {unknown}
 w - a scroll of fear {unknown}
 y - 5 scrolls of enchant weapon {unknown}
 z - a scroll of blinking {unknown}
 C - 2 scrolls of enchant armour {unknown}
Potions
 b - 2 potions of invisibility
 i - 2 potions of heal wounds {unknown}
 j - 2 potions of enlightenment {unknown}
 r - a potion of magic {unknown}
 A - 3 potions of haste {unknown}
 D - 4 potions of curing
 G - 2 potions of cancellation {unknown}
 J - 3 potions of lignification {unknown}
 K - 4 potions of mutation {unknown}
 L - 2 potions of berserk rage {unknown}


   Skills:
 + Level 10.6 Fighting
 - Level 4.1 Long Blades
 + Level 5.9 Axes
 - Level 2.0 Throwing
 - Level 5.1 Armour
 - Level 5.0 Dodging
 + Level 5.9 Shields
 + Level 7.5 Invocations


You had 10 spell levels left.
You didn't know any spells.
Your spell library contained the following spells:

 Spells                   Type           Power      Damage    Failure   Level
 Apportation              Tloc           0%         N/A       92%         1
 Freeze                   Ice            0%         1d3       92%         1
 Necrotise                Necr           0%         1d4       92%         1
 Shock                    Conj/Air       0%         1d3       92%         1
 Slow                     Hex            0%         N/A       92%         1
 Sting                    Conj/Alch      0%         1d3       92%         1
 Summon Small Mammal      Summ           0%         N/A       92%         1
 Call Canine Familiar     Summ           0%         N/A       100%        3
 Confusing Touch          Hex            0%         N/A       100%        3
 Frozen Ramparts          Ice            0%         1d1       100%        3
 Fugue of the Fallen      Necr           0%         N/A       100%        3
 Hailstorm                Conj/Ice       0%         3d5       100%        3
 Ozocubu's Armour         Ice            0%         N/A       100%        3
 Sigil of Binding         Hex            0%         N/A       100%        3
 Swiftness                Air            0%         N/A       100%        3
 Vampiric Draining        Necr           0%         2d6       100%        3
 Airstrike                Air            0%         2d(0-16)  100%        4
 Manifold Assault         Tloc           0%         N/A       100%        4
 Summon Blazeheart Golem  Fire/Summ      0%         N/A       100%        4
 Summon Forest            Summ/Tloc      0%         N/A       100%        5
 Summon Mana Viper        Hex/Summ       0%         N/A       100%        5
 Summon Cactus Giant      Summ           0%         N/A       100%        6


Dungeon Overview and Level Annotations

Branches:
Dungeon (10/15)            Temple (1/1) D:6            Lair (0/5) D:8
Ossuary (visited)
    Orc: D:9-12

Altars:
Ashenzari
Cheibriados
Dithmenos
Fedhas
Gozag
Hepliaklqana
Kikubaaqudgha
Makhleb
Nemelex Xobeh
Okawaru
Qazlal
Ru
Sif Muna
Trog
Uskayaw
Vehumet
Wu Jian
Xom
Yredelemnul


Innate Abilities, Weirdness & Mutations

You are surrounded by a mild repulsion field. (EV +2)
You are mostly covered in sharp spines.
You have a tail ending in a sharp stinger.


Message History

The two-headed ogre is no longer paralysed.
You block the two-headed ogre's attack. The two-headed ogre closely misses you.
You block something's attack. Something bites you.
Something draws strength from your injuries!
You slash the two-headed ogre!
The two-headed ogre is almost dead.
The troll is no longer paralysed.
Something hits you! Something bites you but does no damage.
The two-headed ogre is struck by your spines.
The two-headed ogre barely misses you.
The two-headed ogre hits you with a +0 giant club!!
* * * LOW HITPOINT WARNING * * *
Something hits you.
* * * LOW HITPOINT WARNING * * *
Something bites you.
* * * LOW HITPOINT WARNING * * *
Something draws strength from your injuries!
Uskayaw will force your foes to share their pain.
Uskayaw links your audience in an emotional bond!
Unknown command.
You stomp with the beat, sending a shockwave through the revellers around you!
Reactivating autopickup.
You feel a bit more experienced.
You destroy the centaur warrior zombie! x2; You kill the two-headed ogre!
Your Invocations skill increases to level 7!
You have reached level 11!
Your demonic ancestry asserts itself...
Sharp spines emerge from more of your body.
Unknown command.
Okay, then.
You stomp with the beat, sending a shockwave through the revellers around you!
You destroy the wraith!
The troll is moderately wounded.
The unseen horror zombie hits you.
* * * LOW HITPOINT WARNING * * *
The troll is struck by your spines.
You destroy the unseen horror zombie!
The troll bites you!
You die...
Your body falls in perfect tune with the rhythm.

###########################
................@T....$.....
...............##.Z.........
...............##...##......
...............##...# .Z....
...............##...# .....
...............##..(# .....
...............##...# ....
##....<.##.........# ....
#......##........


You could see a troll (pain bonded) and a centaur warrior zombie (pain bonded).

Vanquished Creatures
  2 two-headed ogres
  2 centaur zombies (D:10)
  A kobold demonologist (D:9)
  An unseen horror zombie (D:10)
  Maggie (D:6)
  Prince Ribbit (D:9)
  A hornet (D:9)
  A shadow (D:10)
  A vampire (D:10)
  A wraith (D:10)
  6 yaks (D:9)
  A steam dragon (D:9)
  A basilisk (D:10)
  A water moccasin (D:7)
  2 ice beasts (D:5)
  A black bear (D:5)
  2 orc warriors
  4 sky beasts
  4 ogres
  3 centaurs
  3 phantoms
  A kobold brigand (D:9)
  4 elf zombies (Ossuary)
  3 bullfrogs
  2 scorpions
  2 gnoll sergeants
  3 wights
  4 killer bees
  A howler monkey (D:9)
  A bombardier beetle (D:3)
  6 orc priests
  3 hounds
  2 jellies
  2 gnoll boudas
  6 iguanas
  Terence (D:2)
  9 orc wizards
  3 hound zombies (Ossuary)
  2 mummies (Ossuary)
  Robin (D:3)
  17 gnolls
  10 adders
  A white imp (D:7)
  2 ufetubi (D:5)
  5 adder zombies (Ossuary)
  2 dart slugs
  4 ribbon worms
  18 orcs
  8 ball pythons
  4 endoplasms
  3 giant cockroaches
  3 gnoll zombies (Ossuary)
  16 goblins
  6 hobgoblins
  6 jackals
  7 quokkas
  2 bats
  4 frilled lizards
  9 jackal zombies (Ossuary)
  7 kobolds
  8 kobold zombies (Ossuary)
  5 orc zombies (Ossuary)
  5 rats
248 creatures vanquished.

Notes
Turn   | Place    | Note
-------+----------+-------------------------------------------
     0 | D:1      | grandjackal the Demonspawn Gladiator began the quest for
                  | the Orb.
     0 | D:1      | Reached XP level 1. HP: 16/16 MP: 1/1
   132 | D:1      | Gained mutation: You are surrounded by a mild repulsion
                  | field. (EV +2) [demonic ancestry]
   132 | D:1      | Reached XP level 2. HP: 22/22 MP: 2/2
   304 | D:1      | Found a faded altar of an unknown god.
   620 | D:2      | Reached XP level 3. HP: 27/28 MP: 3/3
   660 | D:2      | Noticed Terence
   673 | D:2      | Killed Terence
   831 | D:2      | Found a hide-covered altar of Uskayaw.
  1028 | D:2      | Reached XP level 4. HP: 33/34 MP: 4/4
  1034 | D:2      | Reached skill level 3 in Fighting
  1576 | D:3      | Noticed an ogre
  1594 | D:3      | Killed an ogre
  1595 | D:3      | Reached skill level 4 in Fighting
  1595 | D:3      | Reached XP level 5. HP: 6/42 MP: 5/5
  2256 | D:3      | Noticed Robin
  2280 | D:3      | Killed Robin
  2281 | D:3      | Reached XP level 6. HP: 49/49 MP: 6/6
  2570 | D:4      | Reached skill level 5 in Fighting
  2570 | D:4      | Reached skill level 5 in Dodging
  3019 | D:4      | Reached skill level 1 in Armour
  3026 | D:4      | Reached XP level 7. HP: 30/56 MP: 7/7
  3282 | D:5      | Entered Level 5 of the Dungeon
  3530 | D:5      | Reached skill level 6 in Fighting
  3834 | D:5      | Gained mutation: You have a small tail. [demonic ancestry]
  3834 | D:5      | Reached XP level 8. HP: 49/65 MP: 8/8
  4142 | D:5      | Found a broken altar of Ashenzari.
  4142 | D:5      | Found a basalt altar of Yredelemnul.
  4169 | D:5      | Reached skill level 7 in Fighting
  4509 | D:5      | Reached skill level 5 in Armour
  4913 | D:6      | Found a blossoming altar of Fedhas.
  4920 | D:6      | Found an ancient bone altar of Kikubaaqudgha.
  4925 | D:6      | Found an ornate altar of the Wu Jian Council.
  4935 | D:6      | Found a shimmering blue altar of Sif Muna.
  4938 | D:6      | Found a snail-covered altar of Cheibriados.
  4957 | D:6      | Found a staircase to the Ecumenical Temple.
  4967 | D:6      | Reached skill level 8 in Fighting
  5006 | D:6      | Reached skill level 1 in Shields
  5012 | D:6      | Noticed Maggie
  5023 | D:6      | Killed Maggie
  5024 | D:6      | Gained mutation: You are partially covered in sharp spines.
                  | [demonic ancestry]
  5024 | D:6      | Reached XP level 9. HP: 43/74 MP: 9/9
  5126 | D:6      | Reached skill level 1 in Axes
  5139 | D:6      | Found a sand-covered staircase.
  5144 | Ossuary  | Entered an ossuary
  5974 | Temple   | Entered the Ecumenical Temple
  6014 | Temple   | Became a worshipper of Uskayaw the Reveller
  6044 | D:7      | Reached * piety under Uskayaw
  6046 | D:7      | Reached ** piety under Uskayaw
  6050 | D:7      | Reached *** piety under Uskayaw
  6051 | D:7      | Reached skill level 9 in Fighting
  6051 | D:7      | Reached skill level 1 in Invocations
  6656 | D:7      | Found a bloodstained altar of Trog.
  6659 | D:7      | Found an iron altar of Okawaru.
  6935 | D:8      | Reached **** piety under Uskayaw
  7116 | D:8      | Identified the +0 chain mail of the Monkey {+Inv Regen+
                  | rCorr Str+4}
  7244 | D:8      | Found a staircase to the Lair.
  7284 | D:8      | Gained mutation: You have a tail ending in a sharp stinger.
                  | [demonic ancestry]
  7284 | D:8      | Reached XP level 10. HP: 59/83 MP: 11/13
  7285 | D:8      | Reached ***** piety under Uskayaw
  7615 | D:9      | HP: 4/84 [yak (7)]
  7617 | D:9      | Reached skill level 5 in Invocations
  7620 | D:9      | HP: 4/85 [poisoned by a hornet]
  7964 | D:9      | Reached skill level 10 in Fighting
  8008 | D:9      | Noticed a two-headed ogre
  8019 | D:9      | Reached skill level 5 in Axes
  8019 | D:9      | Reached skill level 5 in Shields
  8025 | D:9      | Killed a two-headed ogre
  8041 | D:9      | Identified the +0 leather armour "Tuwkaiw" {Fly rElec Will-
                  | Regen+}
  8416 | D:9      | Noticed Prince Ribbit
  8424 | D:9      | Killed Prince Ribbit
  8829 | D:10     | Entered Level 10 of the Dungeon
  8870 | D:10     | Noticed a two-headed ogre
  8887 | D:10     | HP: 2/86 [something (3)]
  8888 | D:10     | Killed a two-headed ogre
  8889 | D:10     | Gained mutation: You are mostly covered in sharp spines.
                  | [demonic ancestry]
  8889 | D:10     | Reached XP level 11. HP: 4/92 MP: 12/16
  8889 | D:10     | Slain by a troll

Illustrated notes

Levels and vault maps discovered:
D:1:      lightli_molten_gateway, layout_rooms,
          hellmonk_ecumenical_altar_crossroads
D:2:      layout_loops_ring, basic_altar, minmay_three_crescents, uniq_terence
D:3:      cheibrodos_old_hovel, layout_basic, kennysheep_generic_room_9,
          uniq_robin
D:4:      layout_gridville, minmay_liquid_box
D:5:      corexii_shack_village, layout_gridville,
          mainiacjoe_overflow_catwalk_spiral, minivault_1, minmay_misc_feat_room
D:6:      layout_loops_ring, minmay_overflow_temple_star_hex,
          minmay_temple_entry_drinking_statues, enter_ossuary_5,
          dk_noncrumbling_3, uniq_maggie
D:7:      layout_loops_ring, mainiacjoe_overflow_divided_tiny
D:8:      layout_gridville, nicolae_tso_carved_into_rock, lair_entry_dummy,
          kennysheep_small_square
D:9:      layout_layer_cave, minmay_quadrilaterals, uniq_prince_ribbit1
D:10:     lemuel_slime, layout_stronghold, nicolae_trove_entry_diagonal,
          serial_undead, serial_undead_a, serial_undead_b, serial_undead_d,
          serial_undead_a, serial_undead_c, serial_park_tiny_pond, uniq_psyche
Temple:   hellmonk_temple_forest_ring

Skill      XL: |  1  2  3  4  5  6  7  8  9 10 |
---------------+-------------------------------+-----
Throwing       | 2 |  2.0
Long Blades    | 3 4 |  4.1
Dodging        | 3 4 5 |  5.0
Fighting       | 4 5 6 8 9 10 | 10.6
Armour         | 1 3 5 |  5.1
Shields        | 1 4 5 |  5.9
Axes           | 3 5 |  5.9
Invocations    | 4 7 |  7.5

Action                     |  1- 3 |  4- 6 |  7- 9 | 10-12 || total
---------------------------+-------+-------+-------+-------++-------
  Melee: Long sword        |    72 |       |       |       ||    72
         Trident           |    20 |   140 |   154 |       ||   314
         Scimitar          |       |       |   238 |    75 ||   313
         Tailslap          |       |       |    53 |    11 ||    64
  Throw: Throwing net      |     1 |       |       |       ||     1
 Invoke: Stomp             |       |       |       |     2 ||     2
  Evoke: Wand              |       |       |     1 |       ||     1
    Use: Potion            |     2 |       |       |       ||     2
   Stab: Held in net/web   |     2 |       |       |       ||     2
         Paralysed         |       |       |     9 |     6 ||    15
 Armour: Leather armour    |    20 |       |       |       ||    20
         Ring mail         |    37 |    59 |   132 |       ||   228
         Acid dragon scale |       |       |    89 |       ||    89
         Chain mail        |       |       |    21 |    83 ||   104
  Dodge: Dodged            |    89 |   118 |   375 |    84 ||   666
  Block: Buckler           |       |       |    68 |    24 ||    92

Table legend: (Time is in decaauts)
 A = Elapsed time spent in this place.
 B = Non-inter-level travel time spent in this place.
 C = Inter-level travel time spent in this place.
 D = Time resting spent in this place.
 E = Time spent auto-exploring this place.
 F = Levels seen in this place.
 G = Mean time per level.
                   A        B        C        D        E       F      G
               +--------+--------+--------+--------+--------+-----+--------+
         Total |   9074 |   8740 |    334 |   1279 |   5445 |  12 |  756.2 |
       Dungeon |   8609 |   8303 |    306 |   1137 |   5442 |  10 |  860.9 |
        Temple |     51 |     24 |     27 |      0 |      0 |   1 |   51.0 |
       Ossuary |    414 |    414 |      0 |    142 |      3 |   1 |  414.0 |
               +--------+--------+--------+--------+--------+-----+--------+

Top non-repeatable levels by time:
     D:5: 1579 daAuts
     D:9: 1309 daAuts
     D:3: 1130 daAuts
     D:4: 954 daAuts
     D:7: 794 daAuts
     D:6: 777 daAuts
     D:2: 768 daAuts
     D:8: 727 daAuts
     D:1: 505 daAuts
 Ossuary: 414 daAuts
    D:10: 63 daAuts
  Temple: 51 daAuts
